AoeStats
← Jan

Black Forest

506223672Analyzed
4v4 RM · 21d ago on Sep 12, 2026· 57m 50s· 8 players
Game mode
Random Map
Map size
Large (8 player)
Population
200
Speed
Normal
Resources
Standard
Victory
Conquest
Starting age
Dark Age
Ending age
Imperial Age
RankedLock teamsTeams togetherTeam positionsShared explorationLock speedFull tech treeHidden civsTurbo modeCheats
Victory
Defeat
🇪🇨 Persians · Ecuador
967
+14
🇦🇺 Burmese · Australia
910
+16
🇦🇷 Mongols · Argentina
869
+18
🇨🇱 Celts · Chile
868
+17
🇹🇷 Japanese · Türkiye
928
-17
🇲🇽 Teutons · Mexico
922
-17
🇩🇪 Georgians · Germany
909
-16
🇩🇪 Poles · Germany
874
-15
Jan
9:06 Loom
9:12 Loom
12:28 Feudal Age
12:54 Double-Bit Axe
12:53 Horse Collar
22:25 Castle Age
21:00 Fletching
21:23 Bloodlines
23:16 Heavy Plow
23:29 Bow Saw
24:09 Bodkin Arrow
26:00 Wheelbarrow
25:12 Town Watch
27:22 Gold Mining
28:17 Scale Barding Armor
28:13 Stone Mining
29:24 Husbandry
31:02 Forging
32:38 Hand Cart
32:48 Svan Towers
33:42 Ballistics
33:33 Masonry
37:11 Imperial Age
35:05 Chain Barding Armor
36:44 Town Patrol
37:26 Stone Shaft Mining
37:29 Iron Casting
37:09 Fortified Wall
37:54 Bracer
38:53 Conscription
37:56 Elite Monaspa
39:10 Siege Engineers
41:01 Plate Barding Armor
41:26 Hoardings
42:23 Blast Furnace
43:07 Caravan
45:34 Architecture
46:12 Murder Holes
46:06 Onager
alancazu
0:30 Loom
10:57 Feudal Age
11:33 Double-Bit Axe
11:30 Horse Collar
22:05 Castle Age
20:44 Forging
20:34 Scale Mail Armor
21:01 Stone Mining
20:46 Man-at-Arms
27:23 Heavy Plow
28:17 Wheelbarrow
28:07 Gold Mining
29:51 Bow Saw
29:14 Pikeman
29:54 Squires
34:31 Imperial Age
32:33 Ballistics
32:06 Gambesons
34:08 Long Swordsman
34:34 Arson
36:51 Chemistry
37:25 Iron Casting
37:05 Chain Mail Armor
37:46 Halberdier
37:47 Two-Handed Swordsman
40:43 Crop Rotation
43:33 Champion
46:33 Siege Engineers
48:03 Chain Mail Armor
Dankemerkel21
13:28 Feudal Age
18:50 Castle Age
18:07 Double-Bit Axe
18:03 Horse Collar
19:44 Bow Saw
19:37 Heavy Plow
19:29 Gold Mining
27:17 Forging
27:13 Scale Barding Armor
30:51 Imperial Age
31:44 Iron Casting
31:29 Chain Barding Armor
32:28 Conscription
32:52 Caravan
33:22 Coinage
33:30 Coinage
34:34 Hoardings
36:18 Blast Furnace
35:50 Crop Rotation
37:54 Wheelbarrow
37:05 Town Watch
39:52 Hand Cart
39:39 Town Patrol
39:25 Loom
39:54 Szlachta Privileges
41:04 Banking
40:30 Stone Mining
42:48 Stone Shaft Mining
43:24 Fletching
43:34 Padded Archer Armor
47:02 Lechitic Legacy
47:20 Light Cavalry
48:02 Husbandry
48:14 Bloodlines
48:08 Bodkin Arrow
48:28 Leather Archer Armor
48:24 Winged Hussar
50:07 Chemistry
49:29 Ballistics
49:20 Fortified Wall
49:05 Murder Holes
48:56 Arrowslits
48:52 Treadmill Crane
49:23 Masonry
49:19 Siege Engineers
51:24 Bracer
ENVY
0:52 Loom
14:54 Feudal Age
15:24 Town Watch
16:55 Double-Bit Axe
20:54 Wheelbarrow
23:17 Castle Age
23:36 Wheelbarrow
23:33 Forging
23:24 Scale Mail Armor
31:06 Chain Mail Armor
31:53 Ballistics
32:58 Guard Tower
32:50 Treadmill Crane
35:24 Fortified Wall
36:45 Town Patrol
36:59 Horse Collar
37:30 Caravan
38:03 Coinage
38:33 Hand Cart
38:50 Heavy Plow
44:50 Arson
45:05 Squires
44:26 Pikeman
JUNIORPLAYBOY
10:02 Loom
12:19 Feudal Age
10:36 Loom
13:51 Double-Bit Axe
17:13 Wheelbarrow
20:43 Castle Age
22:55 Arson
23:35 Horse Collar
29:09 Forging
29:10 Murder Holes
29:09 Fletching
30:51 Iron Casting
32:07 Hand Cart
32:03 Scale Mail Armor
31:54 Gambesons
37:28 Imperial Age
35:28 Heavy Plow
35:57 Stronghold
36:16 Bodkin Arrow
36:48 Ballistics
37:17 Gold Mining
38:01 Chain Mail Armor
38:19 Caravan
38:49 Furor Celtica
40:45 Chemistry
44:42 Blast Furnace
43:57 Siege Engineers
43:16 Heavy Scorpion
43:24 Elite Woad Raider
45:33 Capped Ram
47:06 Town Watch
49:46 Blast Furnace
49:16 Plate Mail Armor
davis
3:49 Loom
10:47 Feudal Age
12:04 Double-Bit Axe
17:49 Horse Collar
21:55 Castle Age
19:54 Gold Mining
21:24 Fletching
22:15 Padded Archer Armor
22:02 Crossbowman
22:50 Thumb Ring
24:57 Bodkin Arrow
29:51 Leather Archer Armor
32:05 Ballistics
32:00 Bow Saw
32:56 Stone Mining
36:18 Imperial Age
35:17 Siphons
36:13 Gold Shaft Mining
39:15 Chemistry
38:26 Bracer
38:03 Arbalester
40:27 Onager
andrs_rg12
0:26 Loom
13:25 Feudal Age
17:48 Castle Age
15:30 Horse Collar
17:47 Double-Bit Axe
18:57 Scale Barding Armor
22:15 Bloodlines
24:08 Fletching
27:45 Bodkin Arrow
29:01 Ballistics
31:43 Murder Holes
32:18 Heavy Plow
32:18 Elite Skirmisher
34:56 Forging
37:26 Iron Casting
37:18 Chain Barding Armor
39:25 Crossbowman
40:34 Thumb Ring
49:33 Imperial Age
47:20 Bow Saw
47:56 Padded Archer Armor
49:19 Cavalier
50:37 Iron Casting
51:43 Husbandry
52:20 Plate Barding Armor
53:21 Conscription
55:39 Two-Man Saw
55:59 Elite War Elephant
57:01 Light Cavalry
jd58424
9:40 Loom
13:09 Feudal Age
17:11 Castle Age
16:28 Horse Collar
31:35 Wheelbarrow
34:28 Imperial Age
32:36 Heavy Plow
34:15 Caravan
34:45 Coinage
35:41 Howdah
37:02 Chemistry
38:41 Forging
38:32 Scale Mail Armor
38:37 Scale Barding Armor
38:23 Fletching
38:33 Padded Archer Armor
39:20 Manipur Cavalry
40:35 Sanctity
42:16 Coinage
41:56 Guilds
43:31 Wheelbarrow
42:31 Elite Battle Elephant
44:23 Bodkin Arrow
50:47 Iron Casting
50:27 Chain Mail Armor
50:32 Chain Barding Armor
52:18 Crop Rotation
52:06 Hand Cart
53:03 Blast Furnace
52:04 Bracer
Connection lost

Rejoining the realm…

Still unreachable

The connection could not be restored.

Session expired

The server has moved on; the page needs a fresh start.